AoeStats
← TPE-床上小旋風

Nomad

509528304Analyzed
4v4 RM · 5d ago on Sep 27, 2026· 47m 58s· 8 players
Game mode
Random Map
Map size
231×231
Population
200
Speed
Normal
Resources
Standard
Victory
Conquest
Starting age
Dark Age
Ending age
Imperial Age
RankedLock teamsTeams togetherTeam positionsShared explorationLock speedFull tech treeHidden civsTurbo modeCheats
Victory
Defeat
🇮🇳 Magyars · India
1325
+16
🇮🇳 Slavs · India
1323
+16
🇷🇺 Portuguese · Russia
1300
+17
🇮🇳 Gurjaras · India
1292
+18
🇺🇸 Aztecs · United States
1386
-19
🇦🇷 Wei · Argentina
1366
-18
🇦🇷 Poles · Argentina
1283
-15
🇺🇸 Teutons · United States
1282
-15
jules
8:09 Loom
11:15 Loom
15:04 Feudal Age
19:17 Castle Age
17:59 Double-Bit Axe
18:09 Man-at-Arms
19:24 Forging
21:34 Gambesons
23:18 Town Watch
26:36 Squires
27:54 Scale Mail Armor
28:00 Arson
32:29 Imperial Age
30:51 Sanctity
30:57 Redemption
31:15 Long Swordsman
32:47 Sanctity
32:30 Capped Ram
34:19 Illumination
34:09 Block Printing
33:49 Two-Handed Swordsman
36:22 Chain Mail Armor
38:28 Plate Mail Armor
39:54 Iron Casting
jiggly jigs
12:39 Feudal Age
18:04 Double-Bit Axe
20:43 Castle Age
18:30 Loom
19:19 Fletching
21:54 Squires
23:06 Wheelbarrow
26:04 Bow Saw
26:41 Bloodlines
26:45 Medium Warships
27:58 Forging
29:14 Hand Cart
30:02 Scale Barding Armor
30:43 Gold Mining
32:05 Iron Casting
37:53 Imperial Age
35:57 Masonry
35:29 Pikeman
36:50 Scale Mail Armor
37:47 Chain Mail Armor
39:37 Chemistry
38:20 Halberdier
40:44 Fortified Wall
43:15 Blast Furnace
44:01 Conscription
45:45 Two-Man Saw
49:03 Blast Furnace
ReaperAOE2
6:49 Loom
14:48 Feudal Age
15:48 Double-Bit Axe
19:02 Castle Age
17:54 Fishing Lines
19:40 Forging
20:11 Medium Warships
22:38 Horse Collar
23:42 Gillnets
25:48 Heavy Plow
25:52 Gold Mining
28:01 Wheelbarrow
27:23 Town Watch
28:26 Stone Mining
28:48 Bow Saw
29:05 Clinker Construction
29:07 Careening
30:16 Iron Casting
30:18 Scale Barding Armor
31:21 Hand Cart
32:32 Bloodlines
32:22 Husbandry
33:08 Gold Shaft Mining
33:09 Stone Shaft Mining
35:29 Imperial Age
33:28 Tuntian
36:01 Chain Barding Armor
35:32 Heavy Hei Guang Cavalry
37:15 Blast Furnace
36:46 Ming Guang Armor
36:44 Conscription
38:16 Fletching
42:32 Chemistry
41:16 Treadmill Crane
41:51 Light Cavalry
lobo
16:35 Feudal Age
17:20 Double-Bit Axe
17:16 Horse Collar
17:28 Stone Mining
20:18 Castle Age
18:06 Loom
20:21 Wheelbarrow
20:07 Bloodlines
20:07 Fishing Lines
20:35 Gold Mining
21:35 Forging
21:30 Scale Barding Armor
22:26 Heavy Plow
23:17 Szlachta Privileges
23:24 Town Watch
HellScr3aM
5:13 Loom
13:40 Feudal Age
14:31 Double-Bit Axe
19:58 Castle Age
18:58 Fishing Lines
20:54 Medium Warships
22:00 Bow Saw
21:32 Horse Collar
22:21 Heavy Plow
27:26 Stone Mining
28:25 Wheelbarrow
27:50 Gold Mining
29:20 Hand Cart
33:53 Imperial Age
32:48 Gold Shaft Mining
32:29 Scale Barding Armor
32:36 Forging
34:04 Chain Barding Armor
34:20 Iron Casting
34:01 Detinets
34:30 Masonry
34:25 Husbandry
34:35 Bloodlines
36:00 Conscription
36:55 Siege Engineers
37:56 Chemistry
36:37 Man-at-Arms
37:18 Squires
37:19 Scale Mail Armor
38:20 Blast Furnace
37:18 Fletching
37:47 Light Cavalry
39:04 Plate Barding Armor
38:15 Pikeman
38:18 Long Swordsman
39:21 Halberdier
40:28 Chain Mail Armor
40:09 Bodkin Arrow
40:31 Padded Archer Armor
42:09 Plate Mail Armor
42:02 Hussar
45:17 Heavy Scorpion
45:35 Elite Boyar
46:50 Heavy Scorpion
MortalKombat
5:18 Loom
13:32 Feudal Age
16:22 Fletching
20:23 Castle Age
20:52 Double-Bit Axe
21:30 Medium Warships
21:18 Bodkin Arrow
21:55 Horse Collar
22:51 Heavy Plow
23:03 Bow Saw
25:15 Stone Mining
27:04 Wheelbarrow
28:55 Gold Mining
30:17 Gold Shaft Mining
33:26 Imperial Age
31:29 Corvinian Army
31:35 Scale Barding Armor
32:35 Hand Cart
33:35 Chain Barding Armor
33:55 Bloodlines
33:46 Husbandry
35:09 Conscription
34:53 Elite Magyar Huszar
36:10 Plate Barding Armor
35:13 Light Cavalry
44:27 Two-Man Saw
43:40 Bracer
43:41 Padded Archer Armor
44:39 Parthian Tactics
43:35 Heavy Cavalry Archer
45:15 Ballistics
45:56 Chemistry
45:37 Thumb Ring
46:15 Leather Archer Armor
46:03 Recurve Bow
48:13 Town Watch
48:39 Siege Engineers
Illidan_2012
7:15 Loom
14:14 Feudal Age
16:08 Double-Bit Axe
18:56 Castle Age
16:49 Horse Collar
18:19 Gold Mining
19:18 Bloodlines
20:28 Bow Saw
21:14 Wheelbarrow
23:34 Forging
24:10 Heavy Plow
26:50 Hand Cart
27:53 Town Watch
29:00 Scale Barding Armor
29:56 Iron Casting
32:50 Imperial Age
30:33 Husbandry
29:55 Light Cavalry
32:28 Chain Barding Armor
33:46 Heavy Camel Rider
35:35 Devotion
36:01 Conscription
36:54 Plate Barding Armor
36:35 Hussar
38:57 Fletching
39:32 Ballistics
39:49 Stone Mining
41:04 Bodkin Arrow
42:19 Chemistry
43:54 Frontier Guards
45:04 Kshatriyas
46:42 Elite Chakram Thrower
47:26 Bracer
47:27 Scale Mail Armor
48:08 Caravan
TPE-床上小旋風
4:48 Loom
14:06 Feudal Age
16:17 Double-Bit Axe
18:57 Castle Age
17:33 Gold Mining
20:26 Bow Saw
19:59 Horse Collar
21:34 Medium Warships
23:32 Stone Mining
25:45 Wheelbarrow
27:01 Stone Shaft Mining
27:55 Hand Cart
28:12 Town Watch
31:40 Heavy Plow
32:06 Town Patrol
34:43 Scale Mail Armor
34:53 Forging
38:08 Imperial Age
38:16 Pikeman
42:19 Two-Man Saw
43:45 Crop Rotation
44:09 Conscription
44:34 Halberdier
46:19 Arquebus
47:26 Chemistry
46:48 Ballistics
46:32 Padded Archer Armor
47:14 Chain Mail Armor
47:34 Iron Casting
48:22 Iron Casting
Connection lost

Rejoining the realm…

Still unreachable

The connection could not be restored.

Session expired

The server has moved on; the page needs a fresh start.